AoeStats
← _xRegulusx_

Lombardia

509187199Analyzed
4v4 RM · 7d ago on Sep 25, 2026· 25m 44s· 8 players
Game mode
Random Map
Map size
Large (8 player)
Population
200
Speed
Normal
Resources
Standard
Victory
Conquest
Starting age
Dark Age
Ending age
Imperial Age
RankedLock teamsTeams togetherTeam positionsShared explorationLock speedFull tech treeHidden civsTurbo modeCheats
Victory
Defeat
🇦🇷 Mongols · Argentina
1594
+14
🇲🇽 Saracens · Mexico
1571
+15
🇦🇷 Vikings · Argentina
1518
+17
🇵🇪 Danes · Peru
1480
+19
🇬🇧 Mongols · United Kingdom
1610
-19
🇩🇪 Vikings · Germany
1600
-18
🇲🇽 Spanish · Mexico
1514
-15
🇺🇸 Varangians · United States
1465
-13
Rabe3000
10:11 Feudal Age
12:07 Bloodlines
19:34 Loom
23:32 Castle Age
22:42 Double-Bit Axe
miki_bb /VL/
7:07 Loom
9:24 Feudal Age
10:40 Double-Bit Axe
10:37 Horse Collar
18:20 Castle Age
17:19 Padded Archer Armor
19:41 Heavy Plow
22:57 Bow Saw
TheJenonator
10:40 Feudal Age
8:58 Loom
10:43 Feudal Age
12:20 Double-Bit Axe
12:17 Horse Collar
15:16 Castle Age
13:24 Gold Mining
16:22 Bow Saw
21:52 Stone Mining
26:32 Wheelbarrow
DoubleZX
11:29 Feudal Age
15:07 Castle Age
13:14 Double-Bit Axe
14:16 Horse Collar
17:13 Heavy Plow
17:46 Loom
21:36 Town Watch
23:54 Gold Mining
_xRegulusx_
4:17 Loom
9:37 Feudal Age
10:14 Double-Bit Axe
10:39 Horse Collar
15:47 Wheelbarrow
18:45 Castle Age
17:12 Gold Mining
17:49 Bloodlines
18:35 Forging
18:51 Light Cavalry
19:43 Bow Saw
20:37 Stone Mining
21:33 Heavy Plow
25:26 Hand Cart
VuLtrox y los chavales
8:54 Feudal Age
9:24 Double-Bit Axe
13:21 Loom
22:52 Castle Age
23:42 Forging
23:34 Squires
23:59 Scale Mail Armor
24:29 Bow Saw
25:36 Wheelbarrow
Ministro ChocoArroz
5:28 Loom
11:11 Feudal Age
15:03 Castle Age
13:57 Double-Bit Axe
16:31 Bow Saw
16:44 Horse Collar
23:06 Town Watch
23:51 Heavy Plow
25:22 Gold Mining
25:24 Stone Mining
Nos'
8:20 Feudal Age
7:40 Loom
9:13 Double-Bit Axe
10:21 Horse Collar
19:26 Castle Age
18:07 Gold Mining
20:04 Fletching
20:55 Bow Saw
22:56 Wheelbarrow
22:28 Husbandry
22:59 Bodkin Arrow
24:07 Padded Archer Armor
Connection lost

Rejoining the realm…

Still unreachable

The connection could not be restored.

Session expired

The server has moved on; the page needs a fresh start.